 Dungeon Crawl Stone Soup version 0.29-a0-284-gf9362112df (webtiles) character file.

Game seed: 10164452039463193348

647 epen the Archer (level 7, 0/56 HPs)
             Began as a Gnoll Hunter on Mar 14, 2022.
             Killed from afar by a white imp (2 damage)
             ... with a puff of frost
             ... summoned by Eustachio
             ... on level 4 of the Dungeon.
             The game lasted 00:03:40 (3409 turns).

epen the Archer (Gnoll Hunter)                      Turns: 3409, Time: 00:03:40

Health: 0/56       AC:  8    Str: 10    XL:     7   Next: 52%
Magic:  10/10      EV: 22    Int:  9    God:
Gold:   219        SH:  0    Dex: 17    Spells: 11/11 levels left

rFire   + + .      SeeInvis .     - Unarmed
rCold   + + .      Faith    .   (shield currently unavailable)
rNeg    + + +      Spirit   .   (body armour currently unavailable)
rPois   ∞          Reflect  .   (helmet currently unavailable)
rElec   +          Harm     .   (cloak currently unavailable)
rCorr   +          Rampage  .   (gloves currently unavailable)
Will    .....                   (boots currently unavailable)
Stlth   +++.......              (amulet currently unavailable)
HPRegen 0.18/turn               (ring currently unavailable)
MPRegen 0.12/turn               (ring currently unavailable)

@: wisp-form (expiring), flying
A: insubstantial, flying, no casting, tiny, (fangs 1), strong nose, distributed
training, (hooves 1)
a: no special abilities


You were on level 4 of the Dungeon.
You were an insubstantial wisp.
You visited 1 branch of the dungeon, and saw 5 of its levels.

You collected 219 gold pieces.

Inventory:

Hand Weapons
 a - a +1 vorpal shortbow (melded)
Armour
 b - a +1 leather armour
 d - the +5 ring mail "Ijoi" (melded) {rElec rN+ rCorr Dex+2}
   (You found it on level 4 of the Dungeon)

   Dex:       It affects your dexterity (+2).
   rElec:     It insulates you from electricity.
   rN:        It protects you from negative energy.
   rCorr:     It protects you from acid and corrosion.
Jewellery
 g - a ring of ice
Wands
 r - a wand of flame (11)
Scrolls
 c - 2 scrolls of immolation
 e - a scroll of enchant armour
 f - a scroll of fear {unknown}
 k - a scroll of brand weapon
 l - a scroll of identify
 o - 3 scrolls of noise
Potions
 h - 2 potions of attraction
 i - 2 potions of degeneration
 j - a potion of heal wounds {unknown}
 m - a potion of mutation
 n - a potion of lignification {unknown}
 p - a potion of berserk rage {unknown}
 q - a potion of ambrosia


   Skills:
 + Level 5.2 Fighting
 + Level 2.5 Short Blades
 + Level 2.5 Long Blades
 + Level 2.5 Axes
 + Level 2.5 Maces & Flails
 + Level 2.5 Polearms
 + Level 2.5 Staves
 + Level 2.5 Slings
 + Level 8.9 Bows
 + Level 2.5 Crossbows
 + Level 2.5 Throwing
 + Level 2.5 Armour
 + Level 5.2 Dodging
 + Level 3.5 Stealth
 + Level 2.5 Shields
 + Level 2.5 Unarmed Combat
 + Level 2.5 Spellcasting
 + Level 2.0 Conjurations
 + Level 2.0 Hexes
 + Level 2.0 Summonings
 + Level 2.0 Necromancy
 + Level 2.0 Translocations
 + Level 2.0 Transmutations
 + Level 2.0 Fire Magic
 + Level 2.0 Ice Magic
 + Level 2.0 Air Magic
 + Level 2.0 Earth Magic
 + Level 2.0 Poison Magic
 + Level 2.8 Invocations
 + Level 2.5 Evocations


You had 11 spell levels left.
You didn't know any spells.
Your spell library was empty.

Dungeon Overview and Level Annotations

Branches:
Dungeon (5/15)
 Temple: D:4-7

Altars:

Shops:
D:3 ?

Annotations:
D:4 Eustachio


Innate Abilities, Weirdness & Mutations

You are an insubstantial wisp.
Your tiny insubstantial body is highly resistant to most damage types.
You are flying.
Your equipment is entirely melded.
You are incapable of wielding weapons or throwing items.
You cannot cast spells.
((You have very sharp teeth.))
Your uncanny sense of smell can sniff out nearby items.
Your experience applies equally to all skills.
((You have large cloven feet.))


Message History

Eustachio hits you with a +5 rapier of speed!
You touch Eustachio.
Eustachio is almost dead.
The ufetubus hits you. The ufetubus barely misses you.
The white imp completely misses you. The rat completely misses you.
The rat barely misses you.
Eustachio hits you with a +5 rapier of speed.
The ufetubus misses you. The ufetubus completely misses you.
You touch Eustachio but do no damage.
Eustachio is almost dead.
The white imp gestures at you.
The puff of frost hits you but does no damage.
You resist. Eustachio completely misses you.
The ufetubus closely misses you. x2
The rat closely misses you. The rat bites you.
* * * LOW HITPOINT WARNING * * *
You touch Eustachio.
Eustachio is almost dead.
Eustachio barely misses you. The ufetubus misses you.
The ufetubus closely misses you. The white imp barely misses you.
The rat completely misses you. The rat closely misses you.
You barely miss Eustachio.
Eustachio is almost dead.
The ufetubus closely misses you. The ufetubus misses you.
Eustachio screams, "Hey, you killed my favourite bat!"
Eustachio completely misses you. The white imp gestures at you.
The puff of frost hits you. You resist.
* * * LOW HITPOINT WARNING * * *
Eustachio hits you with a +5 rapier of speed.
* * * LOW HITPOINT WARNING * * *
You touch Eustachio.
Eustachio is almost dead.
The ufetubus misses you. x2; The rat closely misses you.
The rat completely misses you.
The crimson imp blinks!
Eustachio hits you with a +5 rapier of speed!
* * * LOW HITPOINT WARNING * * *
The ufetubus misses you. The ufetubus barely misses you.
The white imp gestures at you. The puff of frost hits you. You resist.
You die...

.##................#......#
........##...##+####......#
.##.....##...#............#
.#########...#............#
.##.....#....#............#
###.....+....#....).###'###
.##.....######......#....#
.##.....#....5.r.5..#....#
........#......§vr..#....#
........+.......5@..######
.##.##..#.....##'####
.##.##..#.....#.....'...
........#.....#.....#...
........#.....#....##
....#####.....######
....##..#..........
........#..........


You could see Eustachio, a crimson imp (summoned), a white imp (summoned), an
ufetubus (summoned) and 2 rats.

Vanquished Creatures
  Duvessa (D:4)
  An ogre (D:4)
  A phantom (D:4)
  A necrophage (D:4)
  A scorpion (D:4)
  Dowan (D:4)
  2 iguanas
  2 orc wizards
  Natasha (D:2)
  Robin (D:3)
  2 adders
  A worm (D:2)
  6 orcs
  5 endoplasms
  14 goblins
  6 hobgoblins
  2 jackals (D:4)
  2 quokkas
  7 ball pythons
  5 bats
  5 frilled lizards
  4 kobolds
  3 rats
74 creatures vanquished.

Notes
Turn   | Place    | Note
-------+----------+-------------------------------------------
     0 | D:1      | epen the Gnoll Hunter began the quest for the Orb.
     0 | D:1      | Reached XP level 1. HP: 20/20 MP: 1/1
   149 | D:1      | Reached XP level 2. HP: 26/26 MP: 2/2
   966 | D:2      | Reached XP level 3. HP: 31/31 MP: 2/4
  1124 | D:2      | Found a faded altar of an unknown god.
  1220 | D:2      | Reached skill level 1 in Invocations
  1390 | D:2      | Noticed Natasha
  1398 | D:2      | Killed Natasha
  1399 | D:2      | Reached skill level 1 in Short Blades
  1399 | D:2      | Reached skill level 1 in Long Blades
  1399 | D:2      | Reached skill level 1 in Axes
  1399 | D:2      | Reached skill level 1 in Maces & Flails
  1399 | D:2      | Reached skill level 1 in Polearms
  1399 | D:2      | Reached skill level 1 in Staves
  1399 | D:2      | Reached skill level 1 in Slings
  1399 | D:2      | Reached skill level 1 in Crossbows
  1399 | D:2      | Reached skill level 1 in Throwing
  1399 | D:2      | Reached skill level 1 in Armour
  1399 | D:2      | Reached skill level 1 in Shields
  1399 | D:2      | Reached skill level 1 in Unarmed Combat
  1399 | D:2      | Reached skill level 1 in Spellcasting
  1399 | D:2      | Reached skill level 1 in Evocations
  1399 | D:2      | Reached XP level 4. HP: 38/38 MP: 5/5
  1630 | D:3      | Noticed Robin
  1651 | D:3      | Killed Robin
  1653 | D:3      | Reached skill level 1 in Conjurations
  1653 | D:3      | Reached skill level 1 in Hexes
  1653 | D:3      | Reached skill level 1 in Summonings
  1653 | D:3      | Reached skill level 1 in Necromancy
  1653 | D:3      | Reached skill level 1 in Translocations
  1653 | D:3      | Reached skill level 1 in Transmutations
  1653 | D:3      | Reached skill level 1 in Fire Magic
  1653 | D:3      | Reached skill level 1 in Ice Magic
  1653 | D:3      | Reached skill level 1 in Air Magic
  1653 | D:3      | Reached skill level 1 in Earth Magic
  1653 | D:3      | Reached skill level 1 in Poison Magic
  1927 | D:3      | Found Nodex's Magic Scroll Shop.
  2354 | D:4      | Noticed Duvessa
  2354 | D:4      | Noticed Dowan
  2367 | D:5      | Entered Level 5 of the Dungeon
  2381 | D:5      | Reached XP level 5. HP: 11/43 MP: 5/7
  2779 | D:4      | Identified the +5 ring mail "Ijoi" {rElec rN+ rCorr Dex+2}
  2792 | D:4      | Noticed an ogre
  2797 | D:4      | Killed an ogre
  2798 | D:4      | Reached XP level 6. HP: 21/50 MP: 8/8
  3002 | D:4      | Reached skill level 5 in Fighting
  3002 | D:4      | Reached skill level 5 in Dodging
  3183 | D:4      | Reached XP level 7. HP: 56/56 MP: 10/10
  3285 | D:4      | Gained mutation: You have large cloven feet. [potion of
                  | mutation]
  3293 | D:4      | Killed Duvessa
  3306 | D:4      | Killed Dowan
  3381 | D:4      | Noticed Eustachio
  3409 | D:4      | HP: 2/56 [Eustachio/+5 rapier of speed (7)]
  3409 | D:4      | Killed from afar by a white imp

Illustrated notes

Levels and vault maps discovered:
D:1:      erik_arrival_orb_chamber, layout_basic
D:2:      minmay_door_path, layout_basic, chequers_ecumenical_altar_grove,
          uniq_natasha
D:3:      layout_loops_ring, serial_shops, shop_scrolls, uniq_robin
D:4:      layout_gridville, uniq_duvessa, uniq_eustachio
D:5:      layout_cave_pods

Skill      XL: |  1  2  3  4  5  6  7 |
---------------+----------------------+-----
Invocations    | 1 2 |  2.8
Short Blades   | 1 2 |  2.5
Long Blades    | 1 2 |  2.5
Axes           | 1 2 |  2.5
Maces & Flails | 1 2 |  2.5
Polearms       | 1 2 |  2.5
Staves         | 1 2 |  2.5
Slings         | 1 2 |  2.5
Crossbows      | 1 2 |  2.5
Throwing       | 1 2 |  2.5
Armour         | 1 2 |  2.5
Shields        | 1 2 |  2.5
Unarmed Combat | 1 2 |  2.5
Spellcasting   | 1 2 |  2.5
Evocations     | 1 2 |  2.5
Conjurations   | 1 2 |  2.0
Hexes          | 1 2 |  2.0
Summonings     | 1 2 |  2.0
Necromancy     | 1 2 |  2.0
Translocations | 1 2 |  2.0
Transmutations | 1 2 |  2.0
Fire Magic     | 1 2 |  2.0
Ice Magic      | 1 2 |  2.0
Air Magic      | 1 2 |  2.0
Earth Magic    | 1 2 |  2.0
Poison Magic   | 1 2 |  2.0
Stealth        | 3 |  3.5
Fighting       | 5 |  5.2
Dodging        | 5 |  5.2
Bows           | |  8.9

Action                   |  1- 3 |  4- 6 |  7- 9 || total
-------------------------+-------+-------+-------++-------
Melee: Unarmed           |       |       |    23 ||    23
 Fire: Shortbow          |    62 |   104 |    30 ||   196
  Use: Scroll            |       |     8 |       ||     8
       Potion            |       |       |     2 ||     2
Armor: Leather armour    |     2 |     2 |       ||     4
       Ring mail         |       |     4 |    13 ||    17
       Skin              |       |       |    12 ||    12
Dodge: Dodged            |     6 |     7 |   113 ||   126

Table legend: (Time is in decaauts)
 A = Elapsed time spent in this place.
 B = Non-inter-level travel time spent in this place.
 C = Inter-level travel time spent in this place.
 D = Time resting spent in this place.
 E = Time spent auto-exploring this place.
 F = Levels seen in this place.
 G = Mean time per level.
                   A        B        C        D        E       F      G
               +--------+--------+--------+--------+--------+-----+--------+
         Total |   3444 |   3314 |    130 |    172 |   2711 |   5 |  688.8 |
       Dungeon |   3444 |   3314 |    130 |    172 |   2711 |   5 |  688.8 |
               +--------+--------+--------+--------+--------+-----+--------+

Top non-repeatable levels by time:
     D:2: 902 daAuts
     D:4: 874 daAuts
     D:1: 710 daAuts
     D:3: 709 daAuts
     D:5: 247 daAuts
